 Dungeon Crawl Stone Soup version 0.31-a0-263-ge8cad7f256 (webtiles) character file.

Game seed: 17835926956303784438

98 qw the Shooter (level 4, -2/26 HPs)
             Began as a Gargoyle Hexslinger on July 13, 2023.
             Slain by a gnoll
             ... wielding a +0 halberd
              (8 damage)
             ... on level 3 of the Dungeon.
             The game lasted 00:00:49 (1961 turns).

qw the Shooter (Gargoyle Hexslinger)                Turns: 1961, Time: 00:00:49

Health: -2/26      AC: 10    Str: 12    XL:     4   Next: 71%
Magic:  5/5        EV: 10    Int: 13    God:
Gold:   115        SH:  0    Dex: 14    Spells: 4/5 levels left

rFire   . . .        Y - +1 sling
rCold   . . .        (no shield)
rNeg    + . .        a - +0 ring mail
rPois   inf          c - +1 helmet
rElec   +            (no cloak)
rCorr   .            (no gloves)
SInv    .            (no boots)
Will    .....        (no amulet)
Stlth   +            (no ring)
HPRegen 0.24/turn    (no ring)
MPRegen 0.09/turn

%: no passive effects
@: no status effects
A: sickness immunity, AC +3, negative energy resistance 1, electricity
resistance, torment resistance 1, petrification resistance
a: no special abilities


You were on level 3 of the Dungeon.
You visited 1 branch of the dungeon, and saw 3 of its levels.

You collected 115 gold pieces.


Innate Abilities, Weirdness & Mutations

You are immune to sickness and miasma.
Your stone body is resilient. (AC +3)
You are immune to poison.
You resist negative energy. (rN+)
You are resistant to electric shocks. (rElec)
You are resistant to unholy torment.
You are immune to petrification.


   Skills:
 - Level 2.0 Fighting
 + Level 4.2 Ranged Weapons
 - Level 1.1 Armour
 - Level 1.5 Dodging
 - Level 1.0 Spellcasting
 - Level 2.6 Hexes


You had 4 spell levels left.
You knew the following spells:

 Your Spells              Type           Power      Damage    Failure   Level
a - Slow                  Hex            28%        N/A       22%         1

Your spell library contained the following spells:

 Spells                   Type           Power      Damage    Failure   Level
 Inner Flame              Hex/Fire       4%         N/A       73%         3
 Portal Projectile        Hex/Tloc       8%         N/A       73%         3
 Cause Fear               Hex            3%         N/A       91%         4

Inventory:

Hand Weapons
 Y - a +1 sling (weapon)
Armour
 a - a +0 ring mail (worn)
 c - a +1 helmet (worn)
Scrolls
 g - 2 scrolls of identify
Potions
 d - a potion of mutation
 e - a potion of haste {unknown}
 f - a potion of ambrosia {unknown}

Dungeon Overview and Level Annotations

Branches:
Dungeon (3/15)

Altars:
Nemelex Xobeh


Message History

The sling bullet closely misses the gnoll.
The sling bullet barely misses the gnoll.
The gnoll shouts!
You hear a shout!
A gnoll comes into view. It is wielding a +0 whip.
You shoot a sling bullet. The sling bullet hits the gnoll.
The gnoll is heavily wounded.
The gnoll hits you but does no damage.
You shoot a sling bullet.
The sling bullet barely misses the gnoll.
The sling bullet hits the gnoll but does no damage.
The gnoll hits you from afar with a +3 spear.
A gnoll comes into view. It is wielding a +0 halberd.
You shoot a sling bullet.
The sling bullet hits the gnoll but does no damage.
The gnoll is heavily wounded.
The gnoll hits you but does no damage.
You shoot a sling bullet. The sling bullet hits the gnoll.
The gnoll is heavily wounded.
The gnoll misses you. The gnoll hits you but does no damage.
The gnoll barely misses you. The gnoll hits you but does no damage.
You shoot a sling bullet.
The sling bullet closely misses the gnoll.
The sling bullet hits the gnoll.
The gnoll is moderately wounded.
The gnoll hits you from afar with a +0 spear!
The gnoll hits you but does no damage.
You shoot a sling bullet.
The sling bullet barely misses the gnoll.
The sling bullet hits the gnoll!
You kill the gnoll!
The gnoll completely misses you.
Your Armour skill increases to level 1!
You shoot a sling bullet. The sling bullet hits the gnoll.
The gnoll is lightly wounded.
The gnoll hits you but does no damage. The gnoll hits you with a +0 whip.
The gnoll hits you from afar with a +0 halberd!
The gnoll hits you from afar with a +0 spear.
The gnoll hits you from afar with a +0 halberd!
You die...

#.......# #####
#.......##......#
.#######.......##.......
...............##..~~¤..
..................~~~~~.
......... ........~~_~~:
.....g.g###.##....~¤.~~.
.....g.@....##....~~.~¤.
#####.....#.......~¤.~~.
#.....#...###.~..¤~.
#..[%..#...# #.~.8¤~.
#...#...#...# #.......
#...#...#....####....#
#..^#~~~~~~~.~~~~~~~.#
...###~#####~.~#####~.#
>.. .~ #~.~# #~..


You could see 3 gnolls.

Vanquished Creatures
  Robin (D:2)
  A gnoll (D:3)
  An adder (D:2)
  9 endoplasms
  4 giant cockroaches
  8 hobgoblins
  3 jackals (D:1)
  A kobold (D:1)
  2 quokkas (D:2)
  4 ball pythons
  4 bats
  5 frilled lizards
  14 goblins
  6 rats
63 creatures vanquished.

Notes
Turn   | Place    | Note
-------+----------+-------------------------------------------
     0 | D:1      | qw the Gargoyle Hexslinger began the quest for the Orb.
     0 | D:1      | Reached XP level 1. HP: 12/12 MP: 2/2
     0 | D:1      | 0 ||| qw: Version: 0.3-a-52-g30416fa
     0 | D:1      | 0 ||| qw: Game counter: 7346
     0 | D:1      | 0 ||| qw: Melee chars always use a shield: true
     0 | D:1      | 0 ||| qw: God list: Okawaru
     0 | D:1      | 0 ||| qw: Allow faded altars: false
     0 | D:1      | 0 ||| qw: Do Orc after clearing Dungeon:15 true
     0 | D:1      | 0 ||| qw: Do second Lair branch before Depths: true
     0 | D:1      | 0 ||| qw: Lair rune preference: random
     0 | D:1      | 0 ||| qw: Goals: Normal
     0 | D:1      | 0 ||| PLANNING D:1-11
    91 | D:1      | Reached XP level 2. HP: 16/16 MP: 3/3
   142 | D:1      | Reached skill level 3 in Ranged Weapons
   505 | D:1      | Found a faded altar of an unknown god.
   752 | D:1      | 752 ||| UPGRADING to +0 leather armour.
   762 | D:1      | 762 ||| DROPPING +0 robe.
   763 | D:1      | 763 ||| READING scroll labelled OLETHR TUSA.
   764 | D:1      | 764 ||| READING 2 scrolls labelled NIZIYTHR ILEMUMITWA.
   765 | D:1      | 765 ||| READING scroll labelled ALAM JOAWKIOJU.
   766 | D:1      | 766 ||| DROPPING scroll of poison.
   776 | D:2      | Reached XP level 3. HP: 21/21 MP: 4/4
  1210 | D:2      | 1210 ||| FLEEEEING.
  1227 | D:2      | Noticed Robin
  1242 | D:2      | Killed Robin
  1243 | D:2      | Reached skill level 4 in Ranged Weapons
  1243 | D:2      | Reached XP level 4. HP: 16/26 MP: 5/5
  1253 | D:2      | 1253 ||| FLEEEEING.
  1788 | D:2      | 1788 ||| UPGRADING to +0 ring mail.
  1798 | D:2      | 1798 ||| UPGRADING to +1 helmet.
  1803 | D:2      | 1803 ||| DROPPING +0 leather armour.
  1804 | D:2      | 1804 ||| READING scroll labelled CICSAE ZUERRULY.
  1805 | D:2      | 1805 ||| READING 2 scrolls of identify.
  1805 | D:2      | 1805 ||| IDENTIFYING smoky brown potion
  1908 | D:3      | Found a sparkling altar of Nemelex Xobeh.
  1961 | D:3      | Reached skill level 1 in Armour
  1961 | D:3      | HP: 6/26 [gnoll/+0 spear (2)]
  1961 | D:3      | Slain by a gnoll

Levels and vault maps discovered:
D:1:      heliophobic_arrival_dark_side_of_the_moon, layout_loops_ring,
          shapermc_ecumenical_altar_hornbeckon
D:2:      layout_basic, uniq_robin
D:3:      layout_basic, riverfiend_overflow_shadow_ancestor,
          mainiacjoe_overflow_catwalk, nicolae_overflow_two_pavilions,
          lemuel_round_altar

Skill      XL: |  1  2  3  4 |
---------------+-------------+-----
Ranged Weapons | 3 4 |  4.2
Fighting       | 2 |  2.0
Armour         | 1 |  1.1
Dodging        | |  1.5
Spellcasting   | |  1.0
Hexes          | |  2.6

Action                     |  1- 3 |  4- 6 || total
---------------------------+-------+-------++-------
   Fire: Sling             |   140 |    68 ||   208
    Use: Scroll            |     3 |     2 ||     5
 Armour: Robe              |    10 |       ||    10
         Leather armour    |    28 |     4 ||    32
         Ring mail         |       |    11 ||    11
  Dodge: Dodged            |    48 |    15 ||    63

Table legend:
 A = Non-vault XP
 B = Vault XP
 C = Vault XP percentage of total XP
 D = Non-vault monster count
 E = Vault monster count
 F = Vault count percentage of total count
                 A         B        C        D         E       F
            +---------+---------+-------+---------+---------+-------
      Total |     103 |      38 |  27.0 |      50 |      13 |  20.6
            +---------+---------+-------+---------+---------+-------
        D:1 |      33 |       0 |   0.0 |      21 |       0 |   0.0
        D:2 |      47 |      38 |  44.7 |      22 |      13 |  37.1
        D:3 |      23 |       0 |   0.0 |       7 |       0 |   0.0
            +---------+---------+-------+---------+---------+-------
